 Dungeon Crawl Stone Soup version 0.16-b1 (webtiles) character file.

1270 cachaos the Shield-Bearer (level 8, -12/70 HPs)
             Began as a Hill Orc Fighter on Mar 15, 2015.
             Was an Initiate of Yredelemnul.
             Shot with an arrow by a centaur warrior (15 damage)
             ... summoned by a minotaur
             ... created by the fury of Okawaru
             ... on level 6 of the Dungeon.
             The game lasted 01:16:38 (6038 turns).

cachaos the Shield-Bearer (Hill Orc Fighter)        Turns: 6038, Time: 01:16:38

Health: -12/70     AC:  9    Str: 20    XL:     8   Next: 53%
Magic:  17/17      EV:  9    Int: 13    God:    Yredelemnul [......]
Gold:   144        SH: 11    Dex: 11    Spells: 0 memorised, 7 levels left

rFire  . . .     SeeInvis .     a - +1 war axe
rCold  . . .     Clarity  .     b - +1 scale mail
rNeg   . . .     SustAb   .     c - +1 shield
rPois  .         Gourm    .     o - +0 helmet
rElec  .         Spirit   .     (no cloak)
rCorr  .         Warding  .     (no gloves)
rMut   .         Stasis   .     (no boots)
MR     .....                    (no amulet)
Stlth  ..........               (no ring)
                                U - ring of magical power

@: brilliant, not resistant to hostile enchantments, extremely unstealthy
A: no striking features
a: Renounce Religion


You were on level 6 of the Dungeon.
You worshipped Yredelemnul.
Yredelemnul was noncommittal.
You were full.

You visited 1 branch of the dungeon, and saw 6 of its levels.

You collected 189 gold pieces.
You spent 45 gold pieces at shops.

Inventory:

Hand weapons
 a - a +1 war axe (weapon)
 d - a +4 quarterstaff of chaos
 e - a +0 shortbow
 m - a +0 short sword
 u - a +0 hand axe
 w - a +0 spear
 y - a +0 mace
 z - a +0 hammer
 C - a +0 long sword
 D - a +0 halberd
 E - a +0 whip
 H - a +0 flail
 K - a +0 giant club
 M - a +0 morningstar
 P - a +0 hand crossbow
 S - a +0 giant spiked club
Missiles
 i - 55 stones (quivered)
 r - 22 sling bullets
 B - 37 arrows
 J - 13 poisoned needles
 R - 6 arrows of frost
Armour
 b - a +1 scale mail (worn)
 c - a +1 shield (worn)
 f - a +0 robe
 h - a +1 cloak
 o - a +0 helmet (worn)
 q - a +0 chain mail
 t - a +0 scale mail
 x - a +1 cloak of poison resistance
 A - a +0 scale mail
 N - a +0 leather armour
 Q - a +0 buckler
Jewellery
 U - a ring of magical power (left hand)
Scrolls
 n - 3 scrolls of enchant armour
 p - 2 scrolls of remove curse
 O - 2 scrolls of enchant weapon
Potions
 g - a potion of curing {unknown}
 j - a potion of restore abilities
 k - 3 potions of mutation {unknown}
 l - a potion of resistance {unknown}
 s - a potion of poison {unknown}
 G - a potion of cure mutation {unknown}
 L - a potion of berserk rage {unknown}


   Skills:
 + Level 6.0 Fighting
 + Level 5.9 Axes
 + Level 0.6 Throwing
 + Level 5.6 Armour
 + Level 3.1 Dodging
 + Level 0.6 Stealth
 + Level 6.8 Shields


You had 7 spell levels left.
You didn't know any spells.

Dungeon Overview and Level Annotations

Branches:
Dungeon (6/15)
 Temple: D:4-7

Altars:
Nemelex Xobeh
Okawaru
Xom
Yredelemnul
Zin

Shops:
D:4 [


Message History

The centaur warrior hits you but does no damage.
The orc warrior hits you with a hand axe.
* * * LOW HITPOINT WARNING * * *
You block the centaur warrior's attack.
You feel yourself speed up. You block the orc warrior's attack.
The centaur warrior hits you!
* * * LOW HITPOINT WARNING * * *
The orc knight roars a battlecry!
The orc goes into a battle-frenzy!
You hear a screech!
The orc wizard casts a spell.
The orc wizard flickers and vanishes!
Deactivating autopickup; reactivate with Ctrl-A.
You block the centaur warrior's attack.
The centaur warrior wields an uncursed shortbow.
The centaur warrior shoots an arrow.
The arrow completely misses you.
The arrow dissolves into shadows!
The centaur warrior shoots an arrow.
The arrow hits you!
You die...
Your body rises from the dead as a mindless zombie.

# ### ##. ##. #.# ..# #..
#.# #.## ##.# #.# ##.#
#..#..# .. #..# #...# .#
##.## #@# ##.# ##..# #.##
#..# #...# #o.#######..#
##..## ##oc........#
###.†..#### #o..........#
.c(.(...o.#####o.#######..##
....##.(.(o.o#hT## ##..#
....######o.c{hH# #..##
....# ####o(## ##..#


You could see a minotaur, an orc knight, a centaur warrior, a troll, a warg, 2
orc warriors and an orc (frenzied).

Vanquished Creatures
  An ice beast (D:5)
  A phantom (D:4)
  3 centaurs
  4 ogres (D:5)
  A giant frog (D:6)
  2 hounds
  A crimson imp (D:5)
  Crazy Yiuf (D:3)
  3 worker ants
  An iguana (D:5)
  A hound skeleton (D:6)
  4 adders
  4 gnolls (D:3)
  2 shadow imps (D:5)
  4 worms
  A giant mite (D:1)
  3 giant geckos
  6 orcs
  8 goblins
  12 hobgoblins
  16 jackals
  A quokka (D:2)
  9 bats
  6 giant cockroaches
  4 giant newts
  A jackal skeleton (D:4)
  11 kobolds
  10 rats
121 creatures vanquished.

Notes
Turn   | Place    | Note
--------------------------------------------------------------
     0 | D:1      | cachaos, the Hill Orc Fighter, began the quest for the Orb.
     0 | D:1      | Reached XP level 1. HP: 19/19 MP: 1/1
   322 | D:1      | Reached XP level 2. HP: 27/27 MP: 2/2
   766 | D:2      | Reached XP level 3. HP: 29/33 MP: 3/3
  1128 | D:2      | Reached skill level 4 in Fighting
  1581 | D:2      | Reached XP level 4. HP: 40/40 MP: 4/4
  2249 | D:3      | Noticed Crazy Yiuf
  2268 | D:3      | Killed Crazy Yiuf
  2268 | D:3      | Reached skill level 1 in Dodging
  2268 | D:3      | Reached XP level 5. HP: 28/47 MP: 5/5
  2605 | D:3      | Noticed a centaur
  2617 | D:3      | Killed a centaur
  2619 | D:3      | Reached XP level 6. HP: 34/53 MP: 6/6
  3450 | D:4      | Found Feunifra's Armour Shoppe.
  3480 | D:4      | Bought a +0 helmet for 45 gold pieces
  3718 | D:4      | Found a shimmering altar of Xom.
  3718 | D:4      | Noticed an angel
  3736 | D:4      | Found a glowing silver altar of Zin.
  3770 | D:4      | Reached skill level 5 in Shields
  4027 | D:5      | Entered Level 5 of the Dungeon
  4181 | D:5      | Reached skill level 5 in Fighting
  4181 | D:5      | Reached XP level 7. HP: 40/61 MP: 7/7
  4456 | D:5      | Reached skill level 5 in Armour
  4683 | D:5      | Reached skill level 6 in Shields
  4771 | D:5      | Reached skill level 5 in Axes
  4787 | D:5      | Reached XP level 8. HP: 41/69 MP: 8/8
  5340 | D:5      | Found an iron altar of Okawaru.
  5350 | D:5      | Became a worshipper of Warmaster Okawaru
  5564 | D:5      | Found a sparkling altar of Nemelex Xobeh.
  5564 | D:5      | Found a basalt altar of Yredelemnul.
  5572 | D:5      | Fell from the grace of Okawaru
  5572 | D:5      | Became a worshipper of Yredelemnul the Dark
  6022 | D:6      | Noticed a minotaur
  6022 | D:6      | Noticed an orc knight
  6025 | D:6      | Noticed a troll
  6028 | D:6      | Noticed a centaur warrior
  6034 | D:6      | HP: 2/70 [centaur warrior[the fury of Okawaru] (9)]
  6038 | D:6      | Shot with an arrow by a centaur warrior

Action                   |  1- 3 |  4- 6 |  7- 9 || total
-------------------------+-------+-------+-------++-------
Melee: War axe           |   110 |   221 |   166 ||   497
Throw: Stone             |     8 |    10 |     7 ||    25
       Throwing net      |       |     3 |       ||     3
  Use: Scroll            |     5 |     5 |     3 ||    13
       Potion            |     1 |     1 |     4 ||     6
  Eat: Meat ration       |     1 |       |     2 ||     3
       Bread ration      |       |     1 |       ||     1
       Chunk             |       |     1 |     1 ||     2
